 Dungeon Crawl Stone Soup version 0.22.1-6-g1668fe2c40 (webtiles) character file.

191 Honti the Chopper (level 5, -6/45 HPs)
             Began as a Minotaur Berserker on Jan 18, 2019.
             Was a Believer of Trog.
             Killed from afar by a white imp (7 damage)
             ... with a puff of frost
             ... summoned by Natasha
             ... on level 3 of the Dungeon.
             The game lasted 00:03:00 (2021 turns).

Honti the Chopper (Minotaur Berserker)              Turns: 2021, Time: 00:03:01

Health: -6/45      AC:  5    Str: 22    XL:     5   Next: 42%
Magic:  4/4        EV: 11    Int:  4    God:    Trog [**....]
Gold:   146        SH:  0    Dex: 10    Spells: 4/4 levels left

rFire    . . .     SeeInvis .   a - +0 hand axe
rCold    . . .     Gourm    .   (no shield)
rNeg     . . .     Faith    .   e - +0 ring mail
rPois    .         Spirit   .   (helmet restricted)
rElec    .         Reflect  .   (no cloak)
rCorr    .         Harm     .   (no gloves)
MR       ++...                  (no boots)
Stlth    ..........             (no amulet)
HPRegen  1.15/turn              (no ring)
MPRegen  0.09/turn              (no ring)

@: berserk cooldown, regenerating, slowed, very slow
A: retaliatory headbutt, horns 2
a: Berserk, Trog's Hand, Renounce Religion


You were on level 3 of the Dungeon.
You worshipped Trog.
Trog was pleased with you.
You were near starving.

You visited 1 branch of the dungeon, and saw 3 of its levels.

You collected 146 gold pieces.

Inventory:

Hand Weapons
 a - a +0 hand axe (weapon)
Armour
 e - a +0 ring mail (worn)
Jewellery
 f - an uncursed ring of magical power
 o - a cursed -4 ring of dexterity {unknown}
 p - a +2 ring of protection {unknown}
Scrolls
 g - 4 scrolls of teleportation {unknown}
 h - a scroll of blinking {unknown}
 i - 2 scrolls of identify {unknown}
 j - 3 scrolls of remove curse {unknown}
 k - a scroll of enchant weapon {unknown}
 l - a scroll of magic mapping {unknown}
 m - a scroll of amnesia {unknown}
 n - a scroll of enchant armour {unknown}
Potions
 d - a potion of lignification {unknown}
 q - a potion of magic {unknown}
 r - a potion of flight {unknown}
 s - a potion of ambrosia {unknown}
Comestibles
 b - 3 chunks of flesh
 c - 6 rations


   Skills:
 - Level 3.6 Fighting
 + Level 7.5 Axes
 - Level 2.4 Armour
 - Level 2.1 Dodging


You had 4 spell levels left.
You didn't know any spells.
Your spell library was empty.

Dungeon Overview and Level Annotations

Branches:
Dungeon (3/15)

Altars:

Annotations:
D:3 Natasha


Innate Abilities, Weirdness & Mutations

You reflexively headbutt those who attack you in melee.
You have a pair of horns on your head.


Message History

Natasha claws you. Natasha casts a spell at you. The magic dart hits you!
* * * LOW HITPOINT WARNING * * *
You miss Natasha. Your headbutt misses Natasha. You hit the white imp.
The white imp laughs crazily.
The white imp gestures at you. The puff of frost hits you!
* * * LOW HITPOINT WARNING * * *
Natasha stares at you and mumbles some strange words.
The magic dart hits you!
Your skin crawls.
You feel resistant to hostile enchantments.
You are near starving!
The white imp hits you but does no damage.
Natasha claws you.
* * * LOW HITPOINT WARNING * * *
The white imp gestures at you. The puff of frost hits you!
You die...

#. #....#### #.#.....>
........#### ..... #.#..
......#...## ######
......#.#..############...#.
........รท).@h.........).....
.......))...5.#.######......
........#####.....###...#.##
#####...# ##.....##.......
...... ##.#.(.........
........ ................
.......... ................
............................
..........##........).......


You could see Natasha and a white imp.

Vanquished Creatures
  An orc priest (D:3)
  An orc wizard (D:3)
  Terence (D:2)
  Natasha (D:3)
  3 adders (D:2)
  A worm (D:2)
  3 leopard geckos
  4 orcs (D:3)
  4 bats
  4 goblins
  7 hobgoblins
  3 jackals (D:3)
  A ball python (D:3)
  5 frilled lizards
  6 kobolds
  8 rats
53 creatures vanquished.

Notes
Turn   | Place    | Note
-------+----------+-------------------------------------------
     0 | D:1      | Honti the Minotaur Berserker began the quest for the Orb.
     0 | D:1      | Reached XP level 1. HP: 19/19 MP: 0/0
    60 | D:1      | Reached skill level 4 in Axes
   242 | D:1      | Reached XP level 2. HP: 18/26 MP: 1/1
   912 | D:2      | Reached skill level 5 in Axes
   912 | D:2      | Reached XP level 3. HP: 27/31 MP: 2/2
  1244 | D:2      | Reached ** piety under Trog
  1807 | D:2      | Noticed Terence
  1809 | D:2      | Reached skill level 6 in Axes
  1809 | D:2      | Reached XP level 4. HP: 39/39 MP: 3/3
  1813 | D:2      | Killed Terence
  1843 | D:3      | Found a faded altar of an unknown god.
  1994 | D:3      | Noticed Natasha
  1999 | D:3      | Killed Natasha
  1999 | D:3      | Reached skill level 7 in Axes
  1999 | D:3      | Reached XP level 5. HP: 32/45 MP: 4/4
  2016 | D:3      | Noticed Natasha
  2020 | D:3      | HP: 1/45 [white imp/puff of frost[Natasha] (10)]
  2021 | D:3      | Killed from afar by a white imp

Skill      XL: |  1  2  3  4 |
---------------+-------------+-----
Axes           | 4 5 6 7 |  7.5
Fighting       | |  3.6
Armour         | |  2.4
Dodging        | |  2.1

Action                   |  1- 3 |  4- 6 || total
-------------------------+-------+-------++-------
Melee: Hand axe          |    79 |    29 ||   108
       Headbutt          |     9 |     7 ||    16
Invok: Berserk           |     1 |     1 ||     2
       Trog's Hand       |       |     1 ||     1
  Eat: Chunk             |     3 |     1 ||     4
Armor: Ring mail         |    28 |    22 ||    50
Dodge: Dodged            |    49 |    32 ||    81
